[Event "Titled Tuesday Blitz April 25 Late 2023"]
[White "Makaraci, Tunahan"]
[Black "Melkumyan, Hrant"]
[WhiteFideId "6356559"]
[BlackFideId "13302485"]
[WhiteElo "2160"]
[BlackElo "2604"]
[Result "1-0"]
[Round "02"]
[TimeControl "180+2"]
[Date "2023.04.25"]
[WhiteClock "0:00:12"]
[BlackClock "0:00:02"]

1. e4 c6 2. d4 d5 3. exd5 cxd5 4. c4 Nf6 5. Nc3 e6 6. Nf3 Be7 7. cxd5 Nxd5 8. Bd3 Nc6 9. O-O O-O 10. Re1 Bf6 11. Be4 Nce7 12. Qd3 g6 13. Bh6 Bg7 14. Bxg7 Kxg7 15. Bxd5 Nxd5 16. Ne5 f6 17. Ng4 Nxc3 18. bxc3 Bd7 19. Qe3 Rc8 20. Rac1 e5 21. Qh6+ Kg8 22. Ne3 exd4 23. cxd4 Rxc1 24. Rxc1 Be6 25. d5 Bf7 26. Qf4 Re8 27. h4 h5 28. Rc7 Re7 29. d6 Rxc7 30. dxc7 Qd7 31. Nc4 Kh7 32. Qd6 Qe8 33. Ne3 Be6 34. Qd8 Qc6 35. Qe7+ Kg8 36. Qxf6 Kh7 37. Qe7+ Kh6 38. g3 b5 39. Qd8 Kg7 40. Ng2 Bf5 41. Nf4 a5 42. Qe7+ Kg8 43. Qd8+ Kf7 44. Nd5 Qc1+ 45. Kh2 Qc5 46. Qf6+ Ke8 47. Qe5+ Kd7 48. Nf6+ Kc8 49. Qxc5 1-0


[Site "https://www.chess.com"]

[Event "Titled Tuesday Blitz April 25 Late 2023"]
[White "Przybylski, Wojciech"]
[Black "Hansen, Eric"]
[WhiteFideId "1117599"]
[BlackFideId "2606771"]
[WhiteElo "2222"]
[BlackElo "2561"]
[Result "0-1"]
[Round "02"]
[TimeControl "180+2"]
[Date "2023.04.25"]
[WhiteClock "0:00:37"]
[BlackClock "0:00:34"]

1. e4 c5 2. Nf3 e6 3. d4 cxd4 4. Nxd4 Nc6 5. Nc3 a6 6. Be3 Nf6 7. a3 Qc7 8. g4 h6 9. Bg2 Be7 10. h4 h5 11. gxh5 Ne5 12. h6 gxh6 13. Qe2 Nc4 14. Bc1 Rg8 15. Kf1 Ng4 16. Rh3 b5 17. b3 Nce5 18. f4 Qc5 19. Qd2 Nc6 20. Nce2 Nxd4 21. Qxd4 Bb7 22. c3 Qh5 23. Qb6 Bc6 24. Ng3 Nh2+ 25. Kg1 Rxg3 26. Kxh2 Rxg2+ 27. Kxg2 Bc5 0-1


[Site "https://www.chess.com"]

[Event "Titled Tuesday Blitz April 25 Late 2023"]
[White "Zhigalko, Sergei"]
[Black "Richter, Paul"]
[WhiteFideId "13502956"]
[BlackFideId "2046350"]
[WhiteElo "2626"]
[BlackElo "2171"]
[Result "1-0"]
[Round "02"]
[TimeControl "180+2"]
[Date "2023.04.25"]
[WhiteClock "0:00:02"]
[BlackClock "0:00:09"]

1. e4 c5 2. Nf3 d6 3. d4 cxd4 4. Qxd4 Nc6 5. Bb5 Bd7 6. Bxc6 bxc6 7. c4 e5 8. Qd3 Be7 9. O-O Qc7 10. Rd1 Be6 11. Nc3 Nf6 12. Bg5 Rd8 13. b3 O-O 14. Rac1 Nh5 15. Nd5 Bxd5 16. cxd5 Bxg5 17. Nxg5 Qe7 18. Nf3 c5 19. g3 f5 20. Nd2 Qg5 21. exf5 Rxf5 22. Ne4 Qg4 23. Kh1 Nf6 24. Rc4 Nxe4 25. Rxe4 Qg6 26. f3 Rdf8 27. Rf1 h5 28. Kg2 Qf7 29. b4 cxb4 30. Rxb4 Kh8 31. Rf2 Re8 32. Ra4 Re7 33. Rc2 g6 34. Ra6 Rf6 35. Rac6 Kh7 36. a4 Kg7 37. a5 h4 38. R6c3 hxg3 39. hxg3 Rf5 40. a6 Rf6 41. Rb3 Rf5 42. Rcb2 Qf8 43. Rb7 Rff7 44. Qe3 e4 45. fxe4 Qe8 46. Qxa7 Rxe4 47. Rxf7+ Kh6 48. Rh7+ Kg5 49. Qf2 Qe5 50. Rh4 Re1 51. Qf4+ 1-0


[Site "https://www.chess.com"]

[Event "Titled Tuesday Blitz April 25 Late 2023"]
[White "Tari, Aryan"]
[Black "Sztokbant, Bernardo Vainzoff"]
[WhiteFideId "1510045"]
[BlackFideId "2115956"]
[WhiteElo "2561"]
[BlackElo "2222"]
[Result "1-0"]
[Round "02"]
[TimeControl "180+2"]
[Date "2023.04.25"]
[WhiteClock "0:01:12"]
[BlackClock "0:01:27"]

1. e4 c5 2. Nc3 Nc6 3. f4 e6 4. Nf3 d5 5. Bb5 Ne7 6. exd5 exd5 7. Qe2 Bg4 8. Bxc6+ bxc6 9. O-O Qd6 10. h3 Bf5 11. d4 f6 12. dxc5 Qxc5+ 13. Be3 Qb4 14. Nd4 Bd7 15. a3 Qb7 16. Na4 Qc7 17. Nc5 Kf7 18. f5 Re8 19. Nde6 Qe5 20. Nxd7 Qxb2 21. Bd4 Qb5 22. Qh5+ g6 23. Qh4 g5 24. Qh5+ Ng6 25. Nxf6 Rxe6 26. fxe6+ Kxe6 27. Qg4+ Kd6 28. Qd7# 1-0


[Site "https://www.chess.com"]

[Event "Titled Tuesday Blitz April 25 Late 2023"]
[White "Musovic, Armin"]
[Black "Indjic, Aleksandar"]
[WhiteFideId "939935"]
[BlackFideId "911925"]
[WhiteElo "2322"]
[BlackElo "2614"]
[Result "1/2-1/2"]
[Round "02"]
[TimeControl "180+2"]
[Date "2023.04.25"]
[WhiteClock "0:00:25"]
[BlackClock "0:00:59"]

1. a3 e5 2. Nc3 Nf6 3. d4 exd4 4. Qxd4 Nc6 5. Qa4 Bc5 6. Bg5 h6 7. Bh4 O-O 8. O-O-O Re8 9. e3 a6 10. Nf3 Rb8 11. Nd5 Be7 12. Nxe7+ Qxe7 13. Qf4 d6 14. Bxf6 Qxf6 15. Qxf6 gxf6 16. h3 Ne5 17. Be2 Nxf3 18. Bxf3 Re5 19. Rd4 Bd7 20. Rhd1 Kg7 21. Rb4 b5 22. Rh4 Rbe8 23. Rdd4 Rg5 24. b3 a5 25. Kb2 Re7 26. Rhf4 Rc5 27. Rh4 f5 28. Rh5 Re6 29. Rdh4 Rg6 30. Rf4 Re5 31. Rd4 c5 32. Rd5 Rxd5 33. Bxd5 Rg5 34. Rxg5+ hxg5 35. f4 g4 36. hxg4 fxg4 37. g3 Be6 38. Bc6 b4 39. axb4 axb4 40. Kc1 f5 41. Kd2 Kf6 42. Kd3 Ke7 43. e4 Kf6 44. Ke3 Ke7 45. Kd3 1/2-1/2


[Site "https://www.chess.com"]

[Event "Titled Tuesday Blitz April 25 Late 2023"]
[White "Fressinet, Laurent"]
[Black "Ronka, Erik"]
[WhiteFideId "608742"]
[BlackFideId "505080"]
[WhiteElo "2633"]
[BlackElo "2264"]
[Result "1-0"]
[Round "02"]
[TimeControl "180+2"]
[Date "2023.04.25"]
[WhiteClock "0:00:14"]
[BlackClock "0:00:04"]

1. d4 d5 2. Nf3 Nf6 3. Bg5 Ne4 4. Bh4 g6 5. Nbd2 Bg7 6. e3 c5 7. c3 cxd4 8. cxd4 Nxd2 9. Qxd2 O-O 10. Rc1 Nc6 11. Bb5 Bd7 12. O-O Rc8 13. Rc3 Re8 14. Rfc1 Qa5 15. Be2 Qb6 16. Bg3 a6 17. Rb3 Qa7 18. h3 e6 19. Bd6 Bf8 20. Bxf8 Kxf8 21. e4 Kg7 22. exd5 exd5 23. Rbc3 Bf5 24. Bf1 Rcd8 25. Rc5 Qb6 26. a3 Rd7 27. b4 Qd8 28. Bxa6 Be4 29. Ng5 Nxb4 30. Bb5 Nc6 31. Rxc6 bxc6 32. Bxc6 Rc7 33. Bxe8 Rxc1+ 34. Qxc1 Qxe8 35. Qf4 Qa4 36. Qxf7+ Kh6 37. f4 Qd1+ 38. Kh2 1-0


[Site "https://www.chess.com"]

[Event "Titled Tuesday Blitz April 25 Late 2023"]
[White "Bagrationi, Alexander"]
[Black "Quesada Perez, Yasser"]
[WhiteFideId "14104954"]
[BlackFideId "3509362"]
[WhiteElo "2398"]
[BlackElo "2496"]
[Result "0-1"]
[Round "02"]
[TimeControl "180+2"]
[Date "2023.04.25"]
[WhiteClock "0:02:30"]
[BlackClock "0:02:22"]

1. e4 d5 2. exd5 Nf6 3. d4 Bg4 4. f3 Bf5 5. Bd3 Qxd5 6. c4 Qd7 7. Nc3 Bxd3 8. Qxd3 e6 9. Nge2 Nc6 10. Be3 Ne5 11. Qc2 Nxc4 12. Bf2 Be7 13. O-O-O O-O 14. Kb1 Nd5 15. Ne4 Nce3 16. Bxe3 Nxe3 0-1


[Site "https://www.chess.com"]

[Event "Titled Tuesday Blitz April 25 Late 2023"]
[White "Narayanan, Srinath"]
[Black "Korkmaz, Necmettin"]
[WhiteFideId "5018420"]
[BlackFideId "6303285"]
[WhiteElo "2438"]
[BlackElo "2097"]
[Result "1-0"]
[Round "02"]
[TimeControl "180+2"]
[Date "2023.04.25"]
[WhiteClock "0:02:15"]
[BlackClock "0:02:12"]

1. Nf3 d5 2. e3 Nf6 3. c4 c6 4. Nc3 e6 5. d4 Nbd7 6. Bd3 Bd6 7. O-O O-O 8. e4 dxe4 9. Nxe4 Nxe4 10. Bxe4 h6 11. Bc2 e5 12. Qd3 f5 13. dxe5 Nxe5 14. Nxe5 Bxe5 15. Qb3 Qf6 16. Rb1 f4 17. Re1 c5 18. Qf3 Rb8 19. Qd5+ Be6 20. Qxe5 Bxc4 21. Qxf6 Rxf6 22. b3 Bd5 23. Bb2 Rg6 24. Bxg6 1-0


[Site "https://www.chess.com"]

[Event "Titled Tuesday Blitz April 25 Late 2023"]
[White "Grigorov, Grigor"]
[Black "Jimenez Almeida, Luis David"]
[WhiteFideId "2907313"]
[BlackFideId "22242244"]
[WhiteElo "2510"]
[BlackElo "2245"]
[Result "1-0"]
[Round "02"]
[TimeControl "180+2"]
[Date "2023.04.25"]
[WhiteClock "0:00:05"]
[BlackClock "0:00:02"]

1. d4 g6 2. e4 Bg7 3. Nf3 c6 4. Bd3 Na6 5. c3 Nc7 6. O-O d6 7. Re1 Nf6 8. Nbd2 O-O 9. Nf1 a5 10. a4 Re8 11. Bg5 e5 12. h3 h6 13. Bd2 Qe7 14. Ng3 b6 15. Qc2 Ba6 16. Bxa6 Rxa6 17. Rad1 Raa8 18. Be3 b5 19. Nd2 Nd7 20. Rf1 Rab8 21. f4 b4 22. dxe5 dxe5 23. f5 Qh4 24. Bf2 Qe7 25. Nc4 b3 26. Qe2 Ra8 27. fxg6 fxg6 28. Qg4 Nf8 29. Rd6 Ra6 30. Bc5 Nce6 31. Ba3 Qa7+ 32. Kh2 c5 33. Nf5 gxf5 34. exf5 Ng5 35. f6 Rxd6 36. Nxd6 Rd8 37. fxg7 Kxg7 38. Rf7+ Qxf7 39. Nxf7 Kxf7 40. Qf5+ Kg7 41. Qxe5+ Kg6 42. Bxc5 Nfe6 43. Be3 Kf7 44. h4 Nh7 45. Qxa5 Nf6 46. Qf5 Rd5 47. Qf3 Re5 48. Bxh6 Rh5 49. Be3 Rxh4+ 50. Kg1 Re4 51. Bf2 Rxa4 52. Qb7+ Kg6 53. Qxb3 Ra1+ 54. Kh2 Ng5 55. Qc2+ Nge4 56. Bh4 Ra4 57. Bxf6 Kxf6 58. Qxa4 1-0


[Site "https://www.chess.com"]

[Event "Titled Tuesday Blitz April 25 Late 2023"]
[White "Kuzmin, Roman"]
[Black "Kravtsiv, Martyn"]
[WhiteFideId "44134932"]
[BlackFideId "14113147"]
[WhiteElo "2192"]
[BlackElo "2695"]
[Result "0-1"]
[Round "02"]
[TimeControl "180+2"]
[Date "2023.04.25"]
[WhiteClock "0:00:03"]
[BlackClock "0:00:37"]

1. e4 e5 2. Nf3 Nc6 3. Bb5 a6 4. Ba4 Nf6 5. O-O Be7 6. Re1 b5 7. Bb3 O-O 8. a4 b4 9. d4 d6 10. dxe5 Nxe5 11. Nxe5 dxe5 12. Qxd8 Rxd8 13. f3 Bc5+ 14. Kf1 a5 15. Bc4 Rd4 16. Be2 Rd6 17. Nd2 Be6 18. Nc4 Bxc4 19. Bxc4 Rad8 20. Ke2 h6 21. Be3 Bd4 22. Bxd4 Rxd4 23. Rad1 Kf8 24. Rxd4 Rxd4 25. Bb3 Nd7 26. c3 bxc3 27. bxc3 Rd6 28. Rd1 Ke7 29. Rd5 Rxd5 30. Bxd5 Nc5 31. Bc6 Kd6 32. Be8 f6 33. Kd2 c6 34. Kc2 Nxa4 35. Bf7 Kc5 36. Bb3 Nb6 37. Kd3 Nc8 38. Be6 Nd6 39. Bb3 Kb5 40. h3 a4 41. Ba2 Nb7 42. Bc4+ Ka5 43. Ba2 Nd6 44. Be6 Kb5 45. Ba2 c5 46. h4 c4+ 47. Kc2 f5 48. exf5 Nxf5 49. Kd2 Nxh4 50. Ke3 Nxg2+ 51. Ke4 Ne1 52. Kd5 Nxf3 53. Bxc4+ Kb6 54. Ke4 Nd2+ 0-1


[Site "https://www.chess.com"]

[Event "Titled Tuesday Blitz April 25 Late 2023"]
[White "Roebers, Eline"]
[Black "Samsonkin, Artiom"]
[WhiteFideId "1058401"]
[BlackFideId "13503111"]
[WhiteElo "2356"]
[BlackElo "2524"]
[Result "1-0"]
[Round "02"]
[TimeControl "180+2"]
[Date "2023.04.25"]
[WhiteClock "0:00:41"]
[BlackClock "0:00:03"]

1. e4 c5 2. b4 cxb4 3. a3 b3 4. cxb3 d5 5. e5 Nc6 6. d4 h5 7. Nc3 Nh6 8. h3 Nf5 9. Nf3 e6 10. b4 Bd7 11. Bb2 Rc8 12. Be2 g5 13. Na4 Rg8 14. g4 hxg4 15. hxg4 Nh4 16. Nxh4 gxh4 17. f4 a5 18. b5 Na7 19. Nc3 Rxc3 20. Bxc3 Nxb5 21. Bb2 a4 22. g5 Qa5+ 23. Qd2 Qb6 24. Rxh4 Na7 25. Rh7 Nc6 26. Bh5 Rg7 27. Rh8 Na5 28. Qb4 Qxb4+ 29. axb4 Nb3 30. Rd1 Bb5 31. Kf2 Bc4 32. b5 1-0


[Site "https://www.chess.com"]

[Event "Titled Tuesday Blitz April 25 Late 2023"]
[White "Baskakov, Egor"]
[Black "Ladan, Nicholas"]
[WhiteFideId "24197866"]
[BlackFideId "30918855"]
[WhiteElo "2212"]
[BlackElo "2167"]
[Result "0-1"]
[Round "02"]
[TimeControl "180+2"]
[Date "2023.04.25"]
[WhiteClock "0:00:20"]
[BlackClock "0:00:21"]

1. e4 e5 2. Nc3 Nc6 3. g3 f5 4. d3 Nf6 5. Bg2 d6 6. exf5 Bxf5 7. Nge2 Be7 8. h3 O-O 9. O-O Qd7 10. Kh2 Rae8 11. Be3 d5 12. d4 e4 13. Qd2 Bd6 14. Bf4 Ne7 15. Rae1 Ng6 16. Bxd6 Qxd6 17. Nd1 Nh4 18. Qg5 Nxg2 19. Kxg2 Qd7 20. g4 Nxg4 21. hxg4 Bxg4 22. Ng1 Rf6 23. f3 Rg6 24. Qxg6 hxg6 25. fxg4 Qxg4+ 26. Kh2 Re6 27. Ne3 Qh4+ 28. Nh3 Rf6 29. Nxd5 Rf3 30. Rxf3 exf3 31. Rf1 Qxd4 32. Ndf4 g5 33. Rxf3 gxf4 34. Rxf4 Qxb2 35. Kg3 Qxc2 36. Ng5 Qxa2 37. Rd4 Qa3+ 38. Kg4 Qe7 39. Re4 Qd7+ 40. Kh5 a5 41. Kg6 a4 42. Rf4 Qd6+ 0-1


[Site "https://www.chess.com"]

[Event "Titled Tuesday Blitz April 25 Late 2023"]
[White "Rodriguez Garcia, Yuliesky"]
[Black "Janik, Igor"]
[WhiteFideId "3516660"]
[BlackFideId "1159259"]
[WhiteElo "2157"]
[BlackElo "2484"]
[Result "0-1"]
[Round "02"]
[TimeControl "180+2"]
[Date "2023.04.25"]
[WhiteClock "0:00:06"]
[BlackClock "0:00:23"]

1. e4 Nf6 2. e5 Ng8 3. Nf3 d6 4. h3 Nc6 5. Bb5 Bd7 6. exd6 cxd6 7. O-O g6 8. Re1 Bg7 9. d4 Nf6 10. Qe2 O-O 11. c3 Re8 12. Bg5 h6 13. Bh4 Nh5 14. Bc4 Qb6 15. Nbd2 e5 16. Qd3 Bf5 17. Qf1 g5 18. g4 gxh4 19. Nxh4 Bh7 20. gxh5 exd4 21. Qg2 dxc3 22. bxc3 Ne5 23. Bb3 Qd8 24. Nhf3 Nd3 25. Rxe8+ Qxe8 26. Nc4 Nf4 27. Qh2 Ne2+ 28. Kh1 Qc6 29. Qg2 Nf4 30. Qg3 Nxh5 31. Qg4 Nf6 32. Qf4 Ne4 33. Re1 Nxf2+ 34. Kg1 Nd3 35. Qxf7+ Kxf7 36. Nce5+ Kf8 37. Nxc6 Nxe1 38. Nxe1 bxc6 0-1


[Site "https://www.chess.com"]

[Event "Titled Tuesday Blitz April 25 Late 2023"]
[White "Smirnov, Pavel"]
[Black "Hnydiuk, Aleksander"]
[WhiteFideId "4123425"]
[BlackFideId "1109057"]
[WhiteElo "2519"]
[BlackElo "2374"]
[Result "1-0"]
[Round "02"]
[TimeControl "180+2"]
[Date "2023.04.25"]
[WhiteClock "0:01:05"]
[BlackClock "0:00:05"]

1. d4 d5 2. c4 c6 3. Nf3 Nf6 4. e3 a6 5. Nc3 b5 6. b3 Bf5 7. Bd3 Bxd3 8. Qxd3 e6 9. O-O Bb4 10. Bd2 O-O 11. Rac1 Qe7 12. Ne5 Nfd7 13. f4 Nxe5 14. fxe5 Nd7 15. cxd5 cxd5 16. e4 Bxc3 17. Bxc3 dxe4 18. Qxe4 Nb6 19. Bd2 Nd5 20. Rf3 Rac8 21. Rcf1 f5 22. exf6 Nxf6 23. Qh4 Qd7 24. Bg5 Nd5 25. Rxf8+ Rxf8 26. Rxf8+ Kxf8 27. Qxh7 Qc6 28. h3 Qc3 29. Qe4 Kf7 30. Kh2 Qc7+ 31. Kg1 Qc3 32. h4 Qa1+ 33. Kh2 Qxa2 34. h5 Qxb3 35. Qg6+ Kf8 36. Qxe6 Qc4 37. h6 Qc7+ 38. Kh3 Nf4+ 39. Bxf4 Qxf4 40. Qc8+ Kf7 41. Qd7+ Kf6 42. Qxg7+ Ke6 43. h7 Qe3+ 44. g3 Qe1 45. Qe5+ Qxe5 46. dxe5 1-0


[Site "https://www.chess.com"]

[Event "Titled Tuesday Blitz April 25 Late 2023"]
[White "Petrovic, Aleksa"]
[Black "Rozen, Eytan"]
[WhiteFideId "967629"]
[BlackFideId "2816750"]
[WhiteElo "2309"]
[BlackElo "2451"]
[Result "0-1"]
[Round "02"]
[TimeControl "180+2"]
[Date "2023.04.25"]
[WhiteClock "0:00:02"]
[BlackClock "0:00:14"]

1. d4 d5 2. c4 e6 3. Nf3 Nf6 4. Nc3 a6 5. cxd5 exd5 6. Bg5 Be6 7. e3 c6 8. Bd3 Nbd7 9. O-O Bd6 10. Bf4 Qc7 11. Ne2 O-O 12. Qc2 h6 13. h3 Rfe8 14. b4 Ne4 15. a4 g5 16. Bxd6 Qxd6 17. b5 axb5 18. axb5 f5 19. Rxa8 Rxa8 20. bxc6 bxc6 21. Rc1 Rc8 22. Bxe4 fxe4 23. Ne5 Nxe5 24. dxe5 Qxe5 25. Qc5 Bd7 26. Nd4 Kf7 27. Ra1 Rb8 28. g3 Qe7 29. Qa7 Rc8 30. Qb7 Bxh3 31. Qb6 Qf6 32. Ra7+ Kg6 33. Qb7 Rf8 34. Qh7+ Kh5 35. f4 exf3 36. Kf2 c5 37. g4+ Bxg4 38. Ra1 Bh3 39. Rh1 g4 40. Qd7 Qh4+ 41. Kg1 Qg3# 0-1


[Site "https://www.chess.com"]

[Event "Titled Tuesday Blitz April 25 Late 2023"]
[White "Khandelwal, Ankush"]
[Black "Hambleton, Aman"]
[WhiteFideId "413470"]
[BlackFideId "2606577"]
[WhiteElo "2263"]
[BlackElo "2511"]
[Result "0-1"]
[Round "02"]
[TimeControl "180+2"]
[Date "2023.04.25"]
[WhiteClock "0:00:10"]
[BlackClock "0:00:09"]

1. e4 d5 2. exd5 Qxd5 3. Nc3 Qe5+ 4. Be2 c6 5. d4 Qc7 6. Nf3 Bf5 7. O-O e6 8. Nh4 Bg6 9. Re1 Bd6 10. g3 Nf6 11. Bg5 Nbd7 12. Nxg6 hxg6 13. Bf3 O-O 14. Kg2 Rfe8 15. h4 Nd5 16. h5 gxh5 17. Bxh5 Be7 18. Ne4 g6 19. Bxe7 Rxe7 20. Bf3 Kg7 21. Rh1 Ree8 22. Qd2 Rh8 23. c4 N5f6 24. Ng5 Qd6 25. Rae1 Rad8 26. Qe3 b6 27. a3 c5 28. Rd1 cxd4 29. Rxd4 Qe7 30. Rdh4 Rdf8 31. b4 a5 32. Qc3 axb4 33. axb4 Rxh4 34. Rxh4 Rh8 35. Rxh8 Kxh8 36. Bc6 Kg8 37. Qd4 Kf8 38. Qh4 Kg7 39. b5 Nc5 40. Qd4 Nd7 41. Nf3 Nc5 42. Qe3 Kg8 43. Qd4 Nh7 44. Ne5 Qc7 45. f4 Nf8 46. Be8 f6 47. Bf7+ Kg7 48. Bxe6 fxe5 49. Qxe5+ Qxe5 50. fxe5 Nfxe6 51. Kf3 Kf7 52. Kg2 Nc7 53. Kf3 Ke6 54. Kg4 Kxe5 55. Kf3 N7e6 56. Kg4 Kd4 57. Kh4 Kxc4 58. g4 Kxb5 59. g5 Kc4 0-1


[Site "https://www.chess.com"]

[Event "Titled Tuesday Blitz April 25 Late 2023"]
[White "Jovic, Stanoje"]
[Black "Preotu, Razvan"]
[WhiteFideId "905020"]
[BlackFideId "2613280"]
[WhiteElo "2236"]
[BlackElo "2407"]
[Result "0-1"]
[Round "02"]
[TimeControl "180+2"]
[Date "2023.04.25"]
[WhiteClock "0:00:33"]
[BlackClock "0:00:25"]

1. c4 c5 2. g3 Nf6 3. Bg2 d5 4. cxd5 Nxd5 5. Nc3 Nc7 6. Nf3 Nc6 7. O-O e5 8. d3 Be7 9. Nd2 O-O 10. Nc4 Bd7 11. Bxc6 Bxc6 12. Nxe5 Be8 13. f4 b5 14. Be3 f6 15. Nf3 Bc6 16. Rc1 Rc8 17. Ne4 c4 18. Bxa7 Ra8 19. Bb6 Rxa2 20. Rc2 Qb8 21. Bf2 Nd5 22. Qb1 Nb4 23. Rc3 Qa8 24. Ned2 cxd3 25. e4 Bxe4 26. Be1 Ra1 27. Qxa1 Qxa1 28. Nxe4 Qxb2 29. Rc7 Re8 30. Bc3 Qb3 31. Ra1 Nd5 32. Rd7 Nxc3 33. Ned2 Qb2 34. Raa7 Bc5+ 35. Kg2 Bxa7 36. Rxa7 Re2+ 0-1


[Site "https://www.chess.com"]

[Event "Titled Tuesday Blitz April 25 Late 2023"]
[White "Milikow, Yoav"]
[Black "Kovalevsky, Stanislav"]
[WhiteFideId "2822237"]
[BlackFideId "13508598"]
[WhiteElo "2410"]
[BlackElo "2174"]
[Result "0-1"]
[Round "02"]
[TimeControl "180+2"]
[Date "2023.04.25"]
[WhiteClock "0:00:06"]
[BlackClock "0:00:06"]

1. d4 d5 2. c4 c6 3. Nc3 Nf6 4. e3 e6 5. Nf3 Nbd7 6. Bd3 Bd6 7. O-O O-O 8. b3 e5 9. cxd5 cxd5 10. Nb5 Bb8 11. dxe5 Nxe5 12. Bb2 Re8 13. Nxe5 Bxe5 14. Bxe5 Rxe5 15. Rc1 a6 16. Nd4 Qd6 17. Qc2 g6 18. Qc7 Ne8 19. Qxd6 Nxd6 20. Rc7 Kf8 21. Rfc1 Re7 22. R7c5 Be6 23. Be2 Ne4 24. R5c2 Rd8 25. Bf3 Nd6 26. Rc5 Ne4 27. Rc7 Rxc7 28. Rxc7 Rd7 29. Rc8+ Ke7 30. Rc2 Kd6 31. Kf1 Rc7 32. Bxe4 dxe4 33. Rxc7 Kxc7 34. Ke2 Kd6 35. Kd2 Kc5 36. Kc3 a5 37. a3 Bd5 38. b4+ axb4+ 39. axb4+ Kd6 40. Ne2 Ke5 41. Nd4 Kd6 42. Nb5+ Ke5 43. h3 Bc6 44. Nd4 Bd5 45. h4 h6 46. Ne2 g5 47. hxg5 hxg5 48. b5 f5 49. g3 Be6 50. Kb4 b6 51. Nc3 Bd7 52. Na4 f4 53. Nxb6 Be8 54. Nc4+ Kf5 55. Nd6+ Kg4 0-1


[Site "https://www.chess.com"]

[Event "Titled Tuesday Blitz April 25 Late 2023"]
[White "Gurevich, Dmitry"]
[Black "Djordjevic, Vuk"]
[WhiteFideId "2000407"]
[BlackFideId "902098"]
[WhiteElo "2506"]
[BlackElo "2452"]
[Result "0-1"]
[Round "02"]
[TimeControl "180+2"]
[Date "2023.04.25"]
[WhiteClock "0:00:31"]
[BlackClock "0:00:07"]

1. d4 Nf6 2. c4 e6 3. Nc3 Bb4 4. a3 Bxc3+ 5. bxc3 O-O 6. f3 d5 7. cxd5 exd5 8. e3 c5 9. Ne2 b6 10. Nf4 h6 11. Bd3 Ba6 12. O-O Re8 13. Bxa6 Nxa6 14. Qd3 Qc8 15. Bb2 cxd4 16. cxd4 Qc4 17. Qxc4 dxc4 18. e4 b5 19. d5 Nd7 20. d6 Ndc5 21. Rad1 Red8 22. e5 Ne6 23. Nd5 Nac5 24. f4 Nd3 25. Rd2 g6 26. g4 a5 27. f5 gxf5 28. gxf5 Nec5 29. Rg2+ Kh7 30. e6 Nxb2 31. Nf6+ Kh8 32. e7 Rxd6 33. e8=Q+ Rxe8 34. Nxe8 Rd8 35. Nf6 c3 36. Rf3 Rd1+ 37. Kf2 Rd2+ 38. Kf1 Rxg2 39. Kxg2 Kg7 40. Nh5+ Kf8 41. Rxc3 Nbd3 42. Kf3 b4 43. axb4 axb4 44. Rc2 Ne1+ 45. Ke2 Nxc2 46. Kd2 Nd4 47. Nf6 Nxf5 48. Nd5 b3 49. Kc3 Nd6 50. Nf6 Nde4+ 51. Nxe4 Nxe4+ 52. Kxb3 Nf6 53. Kc4 Ng4 0-1


[Site "https://www.chess.com"]

[Event "Titled Tuesday Blitz April 25 Late 2023"]
[White "Rustemov, Alexander"]
[Black "Mazurkiewicz, Michal"]
[WhiteFideId "4119002"]
[BlackFideId "1124943"]
[WhiteElo "2525"]
[BlackElo "2054"]
[Result "1-0"]
[Round "02"]
[TimeControl "180+2"]
[Date "2023.04.25"]
[WhiteClock "0:00:42"]
[BlackClock "0:00:03"]

1. d4 Nf6 2. c4 e5 3. dxe5 Ng4 4. e3 Nxe5 5. Nh3 d5 6. cxd5 Bxh3 7. gxh3 Bd6 8. Bg2 Nbd7 9. Nc3 O-O 10. Qe2 Ng6 11. Bd2 Nh4 12. Be4 f5 13. Bc2 Ng2+ 14. Kd1 Nh4 15. Bb3 Ne5 16. Kc2 Nhf3 17. Rad1 a6 18. Bc1 b5 19. Kb1 Qh4 20. Qf1 Rab8 21. Ne2 a5 22. Nd4 a4 23. Bc2 b4 24. Bxa4 b3 25. Bxb3 Rxb3 26. Nxb3 Qe4+ 27. Ka1 Ra8 28. Qb5 h6 29. Nd4 Nxd4 30. exd4 Nf3 31. Qc4 Ne5 32. Qb3 Nf3 33. a3 Nxd4 34. Qd3 Nc2+ 35. Kb1 Nxa3+ 36. bxa3 Rb8+ 37. Ka2 Qa4 38. Bb2 Rb5 39. Rd2 Ra5 40. Rc1 Kh7 41. Qxf5+ Kh8 42. Qd3 1-0


[Site "https://www.chess.com"]

[Event "Titled Tuesday Blitz April 25 Late 2023"]
[White "Kaplan, Avi Harrison"]
[Black "Kushko, Dmitriy"]
[WhiteFideId "30934559"]
[BlackFideId "14162261"]
[WhiteElo "1983"]
[BlackElo "2230"]
[Result "1-0"]
[Round "02"]
[TimeControl "180+2"]
[Date "2023.04.25"]
[WhiteClock "0:00:13"]
[BlackClock "0:00:10"]

1. g3 g6 2. Bg2 Bg7 3. d3 Nf6 4. Nf3 O-O 5. O-O d6 6. c3 e5 7. Qc2 c5 8. e4 Nc6 9. h3 h6 10. Re1 Be6 11. Nbd2 Qd7 12. Kh2 b5 13. Nf1 d5 14. exd5 Nxd5 15. Bd2 Nb6 16. Re2 Rad8 17. Ne1 Bf5 18. Ne3 Be6 19. Ng4 Kh7 20. Bxc6 Qxc6 21. Nxe5 Qc8 22. h4 Bd5 23. Ng2 Ba8 24. Rae1 Nd5 25. h5 Nf6 26. hxg6+ fxg6 27. d4 Ng4+ 28. Kg1 Bxe5 29. dxe5 Bf3 30. e6 Rde8 31. Nh4 Rf6 32. Nxf3 Rxf3 33. Qe4 Rf5 34. Qxg4 Re7 35. Qh4 Qf8 36. Bxh6 Rh5 37. Bxf8 1-0


[Site "https://www.chess.com"]

[Event "Titled Tuesday Blitz April 25 Late 2023"]
[White "Silva, Miguel Antonio Neto"]
[Black "Harshavardhan G B"]
[WhiteFideId "1911929"]
[BlackFideId "25059009"]
[WhiteElo "2223"]
[BlackElo "2323"]
[Result "0-1"]
[Round "02"]
[TimeControl "180+2"]
[Date "2023.04.25"]
[WhiteClock "0:00:16"]
[BlackClock "0:01:06"]

1. d4 Nf6 2. Nf3 g6 3. Bf4 Bg7 4. e3 O-O 5. h3 d6 6. Nbd2 Nc6 7. c3 Nd7 8. Be2 e5 9. Bh2 Qe7 10. O-O Kh8 11. b4 f5 12. b5 Nd8 13. Nc4 Nf7 14. a4 e4 15. Nfd2 Nf6 16. a5 g5 17. b6 d5 18. Ne5 c6 19. a6 axb6 20. Qb3 Nxe5 21. Bxe5 Nd7 22. Bc7 b5 23. a7 f4 24. Bg4 Nf6 25. Bxc8 Qxc7 26. Bf5 Ne8 27. Bg4 b6 28. Qa3 Rf7 29. Rfb1 Rxa7 30. Qb4 Bf8 31. Qb3 fxe3 32. fxe3 Qg3 33. Nf1 Qf2+ 34. Kh1 Bd6 35. Rxa7 Qxf1+ 0-1


[Site "https://www.chess.com"]

[Event "Titled Tuesday Blitz April 25 Late 2023"]
[White "Pesotskiy, Mikhail"]
[Black "Sieciechowicz, Marcin"]
[WhiteFideId "34164453"]
[BlackFideId "1130170"]
[WhiteElo "2131"]
[BlackElo "2302"]
[Result "1-0"]
[Round "02"]
[TimeControl "180+2"]
[Date "2023.04.25"]
[WhiteClock "0:00:04"]
[BlackClock "0:00:01"]

1. d4 Nf6 2. c4 g6 3. Nc3 Bg7 4. e4 d6 5. f3 O-O 6. Be3 c5 7. dxc5 dxc5 8. Qxd8 Rxd8 9. Bxc5 Nc6 10. Nge2 b6 11. Ba3 Bb7 12. Nb5 a6 13. Nc7 Rac8 14. Nd5 Nxd5 15. cxd5 Nd4 16. Nxd4 Bxd4 17. Rd1 Bf6 18. Bd3 Rc7 19. Ke2 Rdc8 20. g3 b5 21. b3 Bc3 22. Bc1 b4 23. Bd2 a5 24. Rc1 a4 25. bxa4 Ra8 26. Bb5 Ba6 27. Bxc3 bxc3 28. Kd3 Bxb5+ 29. axb5 Rxa2 30. Rxc3 Rb7 31. Rb1 Kf8 32. b6 Ke8 33. Rc7 Rxc7 34. bxc7 Kd7 35. Rc1 Kc8 36. Rc2 Ra3+ 37. Ke2 f5 38. exf5 gxf5 39. h4 Ra5 40. Ke3 Rxd5 41. Kf4 h6 42. Rc3 e6 43. h5 Rb5 44. Rc6 Rb4+ 45. Ke5 Rb3 46. f4 Rxg3 47. Rxe6 Kxc7 48. Rxh6 Kd7 49. Kxf5 Ke7 50. Rh7+ Kf8 51. Kf6 Kg8 52. Rb7 Rh3 53. Rb5 Kh7 54. Rg5 Ra3 55. Re5 Ra6+ 56. Kg5 Kg7 57. Re7+ Kf8 58. Rb7 Ra1 59. f5 Ra6 60. f6 Ra1 61. h6 Rg1+ 62. Kh5 Rh1+ 63. Kg6 Rg1+ 64. Kh7 Rg2 65. Rg7 Rh2 66. Kg6 Rg2+ 67. Kf5 Rf2+ 68. Ke6 Re2+ 69. Kd5 Rd2+ 70. Ke4 Rh2 71. h7 Rh6 72. Kf5 Rh5+ 73. Kg6 Rh1 74. Rg8# 1-0


[Site "https://www.chess.com"]